 Dungeon Crawl Stone Soup version 0.26-a0-670-g578ab304f5 (webtiles) character file.

Game seed: 17706638405890256542

138 Decritt the Gusty (level 5, 0/38 HPs)
             Began as a Draconian Air Elementalist on Oct 19, 2020.
             Killed from afar by an orc wizard (5 damage)
             ... with a magic dart
             ... on level 4 of the Dungeon.
             The game lasted 00:09:11 (3308 turns).

Decritt the Gusty (Draconian Air Elementalist)      Turns: 3308, Time: 00:09:11

Health: 0/38       AC:  5    Str: 10    XL:     5   Next: 1%
Magic:  2/9        EV: 12    Int: 16    God:
Gold:   40         SH:  0    Dex: 12    Spells: 9/10 levels left

rFire    . . .     SeeInvis .   g - +0 spear
rCold    . . .     Faith    .   (no shield)
rNeg     . . .     Spirit   .   (armour unavailable)
rPois    .         Reflect  .   (helmet restricted)
rElec    .         Harm     .   (no cloak)
rCorr    .         Rampage  .   (no gloves)
MR       .....                  (no boots)
Stlth    ++........             (no amulet)
HPRegen  0.12/turn              (no ring)
MPRegen  0.11/turn              (no ring)

@: hasted, very quick
A: unfitting armour, cold-blooded, AC +5
a: no special abilities


You were on level 4 of the Dungeon.
You visited 1 branch of the dungeon, and saw 4 of its levels.

You collected 40 gold pieces.

Inventory:

Hand Weapons
 g - a +0 spear (weapon)
Scrolls
 a - a scroll of enchant weapon {unknown}
 c - 2 scrolls of identify {unknown}
 d - a scroll of amnesia {unknown}
 e - a scroll of fog {unknown}
 f - a scroll of magic mapping {unknown}
 h - 2 scrolls of remove curse {unknown}
 j - a scroll of immolation {unknown}
Potions
 b - 3 potions of haste
 i - a potion of lignification {unknown}
 k - a potion of degeneration {unknown}


   Skills:
 - Level 1.7 Dodging
 - Level 1.7 Stealth
 + Level 3.1 Spellcasting
 + Level 2.9 Conjurations
 + Level 4.0 Air Magic


You had 9 spell levels left.
You knew the following spells:

 Your Spells              Type           Power        Failure   Level
a - Shock                 Conj/Air       ##..         4%          1

Your spell library contained the following spells:

 Spells                   Type           Power        Failure   Level
 Swiftness                Air            ###.....     5%          2
 Static Discharge         Conj/Air       ##......     13%         3
 Airstrike                Air            ###.......   34%         4
 Lightning Bolt           Conj/Air       ##........   77%         5


Dungeon Overview and Level Annotations

Branches:
Dungeon (4/15)
 Temple: D:4-7

Altars:


Innate Abilities, Weirdness & Mutations

Your plain brown scales are hard. (AC +5)
You cannot fit into any form of body armour.
You are cold-blooded and may be slowed by cold attacks.


Message History

Casting: Shock (safe; 4% risk of failure)
Confirm with . or Enter, or press ? or * to list all spells.
Aiming: Shock (safe; 4% risk of failure)
Press: ? - help, Shift-Dir - straight line The zap hits the orc wizard.
The orc wizard is heavily wounded.
The zap hits the orc wizard.
The orc wizard is heavily wounded.
The orc wizard hits you but does no damage.
It was a potion of haste.
You feel yourself speed up. The orc wizard closely misses you.
Found a long sword.
Found a chain mail.
The orc wizard gestures wildly while chanting.
The orc wizard flickers and vanishes!
Deactivating autopickup; reactivate with Ctrl-A.
A phantom comes into view.
A magic dart appears from out of thin air!
The magic dart hits you.
You die...

#<# ####.#
#....# # #.#.{#
#.##.#..#
#.......######
####.#.........
#........####
#..@####.#
#.......# .#
#)....W.# #
#....[..#
###....##
#..... ####.#
.#


You could see a phantom (dormant).

Vanquished Creatures
  Jessica (D:2)
  3 adders (D:2)
  2 oozes
  3 worms
  3 dart slugs
  2 leopard geckos
  6 orcs (D:3)
  A giant cockroach (D:1)
  5 goblins
  6 hobgoblins
  A quokka (D:2)
  2 ball pythons
  6 bats
  3 frilled lizards
  10 kobolds
  4 rats
58 creatures vanquished.

Notes
Turn   | Place    | Note
-------+----------+-------------------------------------------
     0 | D:1      | Decritt the Draconian Air Elementalist began the quest for
                  | the Orb.
     0 | D:1      | Reached XP level 1. HP: 14/14 MP: 3/3
   485 | D:1      | Reached XP level 2. HP: 20/20 MP: 5/5
  1366 | D:2      | Reached XP level 3. HP: 25/26 MP: 6/6
  1810 | D:2      | Noticed Jessica
  1813 | D:2      | Killed Jessica
  1813 | D:2      | Reached XP level 4. HP: 23/33 MP: 6/8
  2781 | D:3      | Reached skill level 4 in Air Magic
  3283 | D:3      | Reached XP level 5. HP: 31/38 MP: 2/9
  3308 | D:4      | Noticed a phantom
  3308 | D:4      | Killed from afar by an orc wizard

Illustrated notes

Levels and vault maps discovered:
D:1:      scummos_arrival_hexagon, layout_basic
D:2:      layout_loops_ring, uniq_jessica
D:3:      layout_basic, bh_walls_and_bars
D:4:      layout_loops_cross, vehumet_crystals

Skill      XL: |  1  2  3  4 |
---------------+-------------+-----
Conjurations   | 2 |  2.9
Spellcasting   | 3 |  3.1
Air Magic      | 4 |  4.0
Dodging        | |  1.7
Stealth        | |  1.7

Action                   |  1- 3 |  4- 6 || total
-------------------------+-------+-------++-------
Melee: Club              |    14 |       ||    14
       Tailslap          |     5 |     8 ||    13
       Short sword       |    20 |       ||    20
       Spear             |    31 |   108 ||   139
 Cast: Shock             |    38 |    30 ||    68
  Use: Potion            |       |     1 ||     1
 Stab: Sleeping          |     3 |       ||     3
Armor: Skin              |    19 |    21 ||    40
Dodge: Dodged            |    43 |    52 ||    95

Table legend: (Time is in decaauts)
 A = Elapsed time spent in this place.
 B = Non-inter-level travel time spent in this place.
 C = Inter-level travel time spent in this place.
 D = Time resting spent in this place.
 E = Time spent auto-exploring this place.
 F = Levels seen in this place.
 G = Mean time per level.
                   A        B        C        D        E       F      G
               +--------+--------+--------+--------+--------+-----+--------+
         Total |   3324 |   3277 |     47 |    408 |   2319 |   4 |  831.0 |
       Dungeon |   3324 |   3277 |     47 |    408 |   2319 |   4 |  831.0 |
               +--------+--------+--------+--------+--------+-----+--------+

Top non-repeatable levels by time:
     D:2: 1401 daAuts
     D:1: 1362 daAuts
     D:3: 547 daAuts
     D:4: 12 daAuts
